 Dungeon Crawl Stone Soup version 0.20.1-1-g8b1a95d (webtiles) character file.

12480 Romulous the Cleaver (level 11, -4/97 HPs)
             Began as a Minotaur Fighter on Oct 31, 2017.
             Was a High Priest of Okawaru.
             Slain by a ten-headed hydra (9 damage)
             ... on level 10 of the Dungeon.
             The game lasted 00:51:30 (11653 turns).

Romulous the Cleaver (Minotaur Fighter)            Turns: 11653, Time: 00:51:31

Health: -4/97      AC: 18    Str: 24    XL:     11   Next: 63%
Magic:  10/10      EV:  9    Int:  5    God:    Okawaru [*****.]
Gold:   623        SH: 12    Dex: 10    Spells: 10/10 levels left

rFire    . . .     SeeInvis +   a - +0 war axe
rCold    . . .     Gourm    .   c - +0 shield
rNeg     . . .     Faith    .   e - +0 shadow dragon scales
rPois    .         Spirit   .   (helmet restricted)
rElec    .         Reflect  .   F - +1 cloak
rCorr    .         Harm     .   J - +0 pair of gloves
MR       +....                  (no boots)
Stlth    +++.......             (no amulet)
Regen    0.3/turn               m - ring of protection from magic
MPRegen  0.2/turn               L - ring of see invisible

@: no status effects
A: retaliatory headbutt, horns 2
a: Heroism, Finesse, Renounce Religion


You were on level 10 of the Dungeon.
You worshipped Okawaru.
Okawaru was extremely pleased with you.
You were not hungry.

You visited 2 branches of the dungeon, and saw 12 of its levels.

You collected 623 gold pieces.

Inventory:

Hand Weapons
 a - a +0 war axe (weapon)
 d - a +1 great sword of holy wrath
Missiles
 R - 3 tomahawks (quivered)
Armour
 c - a +0 shield (worn)
 e - +0 shadow dragon scales (worn)
 F - a +1 cloak (worn)
 J - a +0 pair of gloves (worn)
Jewellery
 m - a ring of protection from magic (left hand)
 y - an uncursed amulet of magic regeneration
 H - an uncursed amulet of guardian spirit
 L - a ring of see invisible (right hand)
Wands
 A - a wand of disintegration (10/24)
 E - a wand of acid (6/15)
 I - a wand of disintegration (12/24)
 O - a wand of paralysis (12/24)
Scrolls
 h - a scroll of magic mapping {unknown}
 k - 4 scrolls of identify
 n - 3 scrolls of fog
 o - 4 scrolls of remove curse
 p - 3 scrolls of blinking {unknown}
 r - 2 scrolls of random uselessness {unknown}
 t - 3 scrolls of amnesia {unknown}
 v - 3 scrolls of teleportation {unknown}
 w - a scroll of immolation {unknown}
 G - a scroll of recharging {unknown}
 M - 2 scrolls of vulnerability {unknown}
 N - 2 scrolls of enchant weapon {unknown}
 U - a scroll of enchant armour {unknown}
Potions
 b - 5 potions of berserk rage
 f - 5 potions of flight
 j - 4 potions of lignification
 l - 2 potions of curing
 q - 3 potions of heal wounds {unknown}
 s - 4 potions of brilliance {unknown}
 u - 2 potions of agility {unknown}
 x - 2 potions of haste {unknown}
 B - a potion of experience {unknown}
 C - 2 potions of mutation {unknown}
 K - a potion of invisibility {unknown}
 P - a potion of ambrosia {unknown}
Miscellaneous
 Q - a lightning rod (4/4)
Comestibles
 g - 16 fruits
 i - 3 meat rations
 z - 3 royal jellies
 D - 6 bread rations
 S - a chunk of flesh


   Skills:
 + Level 9.1 Fighting
 + Level 14.2 Axes
 + Level 10.0 Armour
 + Level 4.1 Dodging
 + Level 3.8 Stealth
 + Level 9.8 Shields


You had 10 spell levels left.
You didn't know any spells.

Dungeon Overview and Level Annotations

Branches:
Dungeon (11/15)            Temple (1/1) D:7            Lair (0/6) D:10
    Orc: D:9-12

Altars:
Ashenzari
Cheibriados
Dithmenos
Elyvilon
Fedhas
Gozag
Kikubaaqudgha
Makhleb
Nemelex Xobeh
Okawaru
Qazlal
Ru
Sif Muna
Trog
Uskayaw
Vehumet
Xom
Yredelemnul
Zin
The Shining One


Innate Abilities, Weirdness & Mutations

You reflexively headbutt those who attack you in melee.
You have a pair of horns on your head.


Message History

The ten-headed hydra bites you.
* * * LOW HITPOINT WARNING * * *
The ten-headed hydra closely misses you.
The ten-headed hydra bites you but does no damage. x2
The ten-headed hydra bites you.
* * * LOW HITPOINT WARNING * * *
The ten-headed hydra bites you but does no damage. x2
You see here a yak skeleton.
There is an open door here.
You block the ten-headed hydra's attack. x2
The ten-headed hydra closely misses you. x2
The ten-headed hydra bites you.
* * * LOW HITPOINT WARNING * * *
The ten-headed hydra bites you!
* * * LOW HITPOINT WARNING * * *
You block the ten-headed hydra's attack.
The ten-headed hydra misses you.
The ten-headed hydra bites you but does no damage.
The ten-headed hydra bites you!
You die...

#.##### #.# #.# #.# #........
##.#######.###.#####.####........
..........>......................
##########.###.#####.####........
#รท###...............)...
#......####.############
#...........# #####
##...........# #...#
#...#'##@###'####...#
#...#..D.##.........# ###
#...#######.........# #..
####.........+.........# #..
#.......######.........# #..
#.......# #..)......# #..
#.......# ##...###### #..
#.......# #...# #.. #....."[#
#...# #..


You could see a ten-headed hydra.

Vanquished Creatures
  Snorg (D:10)
  Erolcha (D:10)
  4 two-headed ogres
  Urug (D:10)
  A komodo dragon (D:10)
  A troll (D:10)
  2 hippogriffs
  Prince Ribbit (D:6)
  A vampire (D:10)
  A spriggan (D:7)
  Sigmund (D:6)
  7 yaks (D:10)
  A hungry ghost (D:9)
  2 water moccasins
  5 orc warriors
  3 black bears
  3 sky beasts
  2 ice beasts (D:6)
  5 phantoms
  6 ogres
  A necrophage (D:6)
  3 centaurs
  2 crocodiles
  A big kobold (D:7)
  9 bullfrogs
  A scorpion (D:9)
  A howler monkey (D:6)
  4 wights (D:6)
  A crimson imp (D:7)
  2 jellies
  A quasit (D:9)
  2 centaur skeletons
  4 hounds
  5 orc priests
  5 orc wizards
  4 iguanas
  Jessica (D:2)
  Natasha (thrice) (D:2)
  8 worker ants
  2 hound skeletons
  15 adders
  4 shadow imps
  An ooze (D:2)
  An adder zombie (D:7)
  An adder skeleton (D:3)
  A worm (D:2)
  A dart slug (D:1)
  9 leopard geckos
  29 orcs
  2 ball pythons
  11 giant cockroaches
  8 goblins
  11 hobgoblins
  13 jackals
  2 quokkas
  13 bats
  9 frilled lizards
  19 kobolds
  A quokka skeleton (D:8)
  5 rats
  4 plants (D:10)
269 creatures vanquished.

Notes
Turn   | Place    | Note
-------+----------+-------------------------------------------
     0 | D:1      | Romulous the Minotaur Fighter began the quest for the Orb.
     0 | D:1      | Reached XP level 1. HP: 19/19 MP: 0/0
   100 | D:1      | Reached XP level 2. HP: 23/27 MP: 1/1
   443 | D:1      | Reached XP level 3. HP: 30/33 MP: 2/2
   686 | D:1      | Reached skill level 3 in Axes
  1075 | D:2      | Reached XP level 4. HP: 40/40 MP: 3/3
  1272 | D:2      | Reached skill level 4 in Axes
  1419 | D:2      | Reached skill level 1 in Dodging
  1545 | D:2      | Noticed Jessica
  1552 | D:2      | Killed Jessica
  1552 | D:2      | Reached XP level 5. HP: 35/46 MP: 4/4
  1627 | D:2      | Noticed Natasha
  1637 | D:2      | Killed Natasha
  1794 | D:2      | Noticed Natasha
  1807 | D:2      | Killed Natasha
  1807 | D:2      | Reached skill level 5 in Axes
  1823 | D:2      | Noticed Natasha
  1830 | D:2      | Killed Natasha
  1917 | D:3      | Found a glowing silver altar of Zin.
  2129 | D:3      | Found a faded altar of an unknown god.
  2147 | D:3      | Reached XP level 6. HP: 53/53 MP: 5/5
  2349 | D:3      | Found a glowing golden altar of the Shining One.
  2349 | D:3      | Found a deep blue altar of Sif Muna.
  2350 | D:3      | Found a bloodstained altar of Trog.
  2744 | D:4      | Reached skill level 5 in Shields
  2978 | D:4      | Reached skill level 6 in Axes
  3190 | D:4      | Reached skill level 5 in Fighting
  3506 | D:4      | Found a white marble altar of Elyvilon.
  3513 | D:4      | Reached XP level 7. HP: 41/61 MP: 6/6
  3737 | D:5      | Entered Level 5 of the Dungeon
  3977 | D:5      | Reached skill level 5 in Armour
  4021 | D:5      | Reached skill level 7 in Axes
  4331 | D:6      | Found a sparkling altar of Nemelex Xobeh.
  4651 | D:6      | Reached XP level 8. HP: 44/69 MP: 7/7
  4845 | D:6      | Reached skill level 8 in Axes
  5179 | D:6      | Reached skill level 9 in Axes
  5185 | D:6      | Noticed Sigmund
  5192 | D:6      | Killed Sigmund
  5192 | D:6      | Reached skill level 1 in Stealth
  5290 | D:6      | Noticed Prince Ribbit
  5419 | D:6      | Reached skill level 10 in Axes
  5460 | D:6      | Reached XP level 9. HP: 73/78 MP: 8/8
  5699 | D:6      | Found a hide-covered altar of Uskayaw.
  6320 | D:6      | Killed Prince Ribbit
  6369 | D:7      | Found a staircase to the Ecumenical Temple.
  6396 | D:7      | Reached skill level 11 in Axes
  6423 | Temple   | Entered the Ecumenical Temple
  6447 | Temple   | Became a worshipper of Warmaster Okawaru
  6831 | D:7      | Reached * piety under Okawaru
  6840 | D:7      | Found a shadowy altar of Dithmenos.
  7341 | D:8      | Reached XP level 10. HP: 82/86 MP: 9/9
  7416 | D:8      | Noticed a two-headed ogre
  7422 | D:8      | Killed a two-headed ogre
  7422 | D:8      | Reached skill level 12 in Axes
  7542 | D:8      | Reached ** piety under Okawaru
  7716 | D:8      | Found a sparkling altar of Nemelex Xobeh.
  7864 | D:8      | Noticed a two-headed ogre
  7873 | D:8      | Killed a two-headed ogre
  8041 | D:8      | Noticed a two-headed ogre
  8056 | D:8      | Killed a two-headed ogre
  8056 | D:8      | Reached *** piety under Okawaru
  8572 | D:9      | Noticed a two-headed ogre
  8586 | D:9      | Killed a two-headed ogre
  8586 | D:9      | Reached skill level 13 in Axes
  8802 | D:9      | Reached XP level 11. HP: 92/95 MP: 10/10
  9086 | D:9      | Found an opulent altar of Gozag.
  9385 | D:10     | Entered Level 10 of the Dungeon
  9602 | D:10     | Found a bloodstained altar of Trog.
  9748 | D:10     | Found a staircase to the Lair.
  9949 | D:10     | Reached **** piety under Okawaru
 10127 | D:10     | Noticed Erolcha
 10136 | D:10     | Killed Erolcha
 10418 | D:10     | Noticed Urug
 10447 | D:10     | HP: 2/95 [Urug/great sword of holy wrath (18)]
 10448 | D:10     | Killed Urug
 10896 | D:10     | Noticed Snorg
 10917 | D:10     | Killed Snorg
 10917 | D:10     | Reached ***** piety under Okawaru
 10917 | D:10     | Reached skill level 14 in Axes
 11348 | D:10     | Reached skill level 10 in Armour
 11616 | D:11     | Noticed a five-headed hydra
 11653 | D:10     | Slain by a ten-headed hydra

Skill      XL: |  1  2  3  4  5  6  7  8  9 10 11 |
---------------+----------------------------------+-----
Shields        | 4 5 6 7 8 9 |  9.8
Armour         | 4 5 6 7 8 10 | 10.0
Fighting       | 4 5 6 7 8 9 |  9.1
Axes           | 3 4 5 6 7 10 11 13 14 | 14.2
Dodging        | 1 2 3 4 |  4.1
Stealth        | 1 2 3 |  3.8

Action                   |  1- 3 |  4- 6 |  7- 9 | 10-12 || total
-------------------------+-------+-------+-------+-------++-------
Melee: War axe           |   103 |   168 |   297 |   329 ||   897
       Headbutt          |     8 |    23 |    44 |    79 ||   154
  Use: Scroll            |       |       |     2 |     6 ||     8
       Potion            |       |       |     1 |     3 ||     4
 Stab: Sleeping          |     5 |     1 |     6 |     9 ||    21
  Eat: Bread ration      |     1 |       |     1 |     2 ||     4
       Chunk             |       |     4 |     8 |     5 ||    17
       Fruit             |       |       |     1 |       ||     1
       Royal jelly       |       |       |       |     1 ||     1
Armor: Scale mail        |    14 |       |       |       ||    14
       Shadow dragon sca |    71 |   121 |   127 |   114 ||   433
Dodge: Dodged            |    33 |    51 |    75 |    93 ||   252
Block: Shield            |    83 |   112 |   144 |   171 ||   510
